 Dungeon Crawl Stone Soup version 0.17.1-3-g152610e (webtiles) character file.

4925 Alarkh the Cleaver (level 10, 0/63 HPs)
             Began as a Mummy Necromancer on Apr 3, 2016.
             Was an Initiate of Gozag.
             Slain by a jelly (3 damage)
             ... on level 9 of the Dungeon.
             The game lasted 00:20:29 (9350 turns).

Alarkh the Cleaver (Mummy Necromancer)              Turns: 9350, Time: 00:20:29

Health: 0/63       AC: -4    Str: 11    XL:     10   Next: 27%
Magic:  19/19      EV: 12    Int: 21    God:    Gozag
Gold:   135        SH:  0    Dex: 12    Spells: 4 memorised, 11 levels left

rFire  x . .     SeeInvis .     y - +7 hand axe of Blind Justice {vamp, Int+2}
rCold  + . .     Clarity  .     u - +2 robe {rN+}
rNeg   + + +     SustAt   .     (no shield)
rPois  ∞         Gourm    .     (no helmet)
rElec  .         Spirit   .     f - +2 cloak
rCorr  .         Warding  .     A - +0 pair of gloves
rMut   .         Stasis   .     (no boots)
MR     +....                    (no amulet)
Stlth  ++........               (no ring)
                                (no ring)

@: corroded equipment, repel missiles, somewhat resistant to hostile
enchantments, unstealthy
A: no food or potions, fire vulnerability, cold resistance 1, negative energy
resistance 3, torment resistance, unbreathing
a: Potion Petition, Call Merchant, Bribe Branch, Renounce Religion


You were on level 9 of the Dungeon.
You worshipped Gozag.
Gozag was noncommittal.
You were not hungry.

You visited 2 branches of the dungeon, and saw 10 of its levels.

You collected 1903 gold pieces.
You spent 561 gold pieces at shops.
You paid 1207 gold pieces to Gozag.

Inventory:

Hand Weapons
 a - a +2 vampiric hand axe
 e - a +4 whip
 y - the +7 hand axe of Blind Justice (weapon) {vamp, Int+2}
   (You found it on level 7 of the Dungeon)

   It inflicts no extra harm, but heals its wielder somewhat when it strikes a
   living foe.
   It affects your intelligence (+2).
 E - a +0 battleaxe
Missiles
 g - 14 poisoned needles
 m - 13 curare-tipped needles
Armour
 f - a +2 cloak (worn)
 o - a +0 robe
 u - a +2 robe of positive energy (worn)
 A - a +0 pair of gloves (worn)
Rods
 w - a -3 rod of shadows (9/9)
   (You found it on level 6 of the Dungeon)
Jewellery
 z - an uncursed ring of teleportation
Wands
 j - a wand of disintegration (5)
 k - a wand of magic darts (36)
 t - a wand of digging (6)
 D - a wand of teleportation (4)
Scrolls
 c - 3 scrolls of teleportation
 d - a scroll of enchant armour
 h - a scroll of remove curse
 i - a scroll of noise
 l - 3 scrolls of random uselessness
 n - 2 scrolls of magic mapping
 p - a scroll of enchant weapon
 q - 5 scrolls of immolation
 s - a scroll of vulnerability {unknown}
 v - a scroll of fear {unknown}
 B - a scroll of amnesia {unknown}
 C - a scroll of recharging {unknown}
Books
 b - a book of Necromancy

   Spells                             Type                      Level
   a - Pain                           Necromancy                   1
   b - Animate Skeleton               Necromancy                   1
   c - Vampiric Draining              Necromancy                   3
   d - Regeneration                   Charms/Necromancy            3
   e - Animate Dead                   Necromancy                   4
   f - Control Undead                 Necromancy                   4
 r - a book of the Dragon

   Spells                             Type                      Level
   a - Flame Tongue                   Conjuration/Fire             1
   b - Cause Fear                     Hexes                        4
   c - Bolt of Fire                   Conjuration/Fire             6
   d - Dragon Form                    Transmutation                7
   e - Dragon's Call                  Summoning                    9
 x - a book of Air

   Spells                             Type                      Level
   a - Shock                          Conjuration/Air              1
   b - Swiftness                      Charms/Air                   2
   c - Repel Missiles                 Charms/Air                   2
   d - Static Discharge               Conjuration/Air              3
   e - Lightning Bolt                 Conjuration/Air              5


   Skills:
 + Level 9.8 Axes
 - Level 1.5 Dodging
 - Level 1.5 Stealth
 - Level 6.0 Spellcasting
 - Level 8.4 Necromancy


You had 11 spell levels left.
You knew the following spells:

 Your Spells              Type           Power        Failure   Level  Hunger
a - Pain                  Necr           ####         1%          1    N/A
b - Vampiric Draining     Necr           #####.....   1%          3    N/A
c - Control Undead        Necr           #####.....   3%          4    N/A
d - Repel Missiles        Chrm/Air       #.....       14%         2    N/A

Dungeon Overview and Level Annotations

Branches:
Dungeon (9/15)             Temple (1/1) D:6            Lair (0/8) D:8
    Orc: D:9-12

Altars:
Ashenzari
Cheibriados
Dithmenos
Elyvilon
Fedhas
Gozag
Kikubaaqudgha
Makhleb
Nemelex Xobeh
Okawaru
Qazlal
Ru
Sif Muna
Trog
Vehumet
Xom
Yredelemnul
Zin
The Shining One

Shops:
D:7 %:   D:8 [


Innate Abilities, Weirdness & Mutations

You do not eat or drink.
Your flesh is vulnerable to fire.
You are immune to poison.
Your flesh is cold resistant.
You are immune to negative energy.
You are immune to unholy pain and torment.
You can survive without breathing.


Message History

You hit the jelly but do no damage.
Your hands burn!
You hit the jelly.
You feel better.
You kill the jelly!
You hit the jelly.
You feel better.
Your hands burn!
The jelly is lightly wounded.
You hit the jelly.
You feel better.
Your hands burn!
The jelly is moderately wounded.
The jelly hits you.
You are splashed with acid!
The acid burns!
The jelly hits you.
You are splashed with acid!
The acid corrodes you!
The acid burns!
* * * LOW HITPOINT WARNING * * *
You hit the jelly. The acid corrodes you!
Your hands burn!
* * * LOW HITPOINT WARNING * * *
The jelly is moderately wounded.
You hit the jelly but do no damage.
Your hands burn!
* * * LOW HITPOINT WARNING * * *
The jelly is moderately wounded.
You hit the ooze but do no damage. The jelly hits you.
You die...
Your body crumbles into a pile of gold.

.. # # #. .#.#. ... #.#.
..#. ≈..#+....#
#####≈..#...# .#
#..J#..#.... .#.# #
#J@≈..#.# #.#.#.#
#..J#....# .#.#.#.#.
#####≈..#....
##........######≈..#.#...
#.#.......#.#.......#...
##.........#.......#.#.#.
#.#.#.#+#.#.#.#.#.#.#.#.#.
$
##.#.....#.#.#.#.#.#.#.#.#.
#.#.#...#.#.#.#.#.#.#.#.#.#


You could see 2 jellies and an ooze.

Vanquished Creatures
  Pikel (D:5)
  Psyche (D:8)
  A deep elf mage (D:7)
  A deep elf fighter (D:8)
  A hippogriff (D:7)
  3 yaks (D:8)
  A sky beast (D:8)
  A black bear (D:8)
  A wasp (D:8)
  An ice beast (D:8)
  A necrophage (D:7)
  An orc warrior (D:9)
  2 ogres
  A centaur (D:8)
  2 giant frogs (D:8)
  A crocodile (D:8)
  2 scorpions
  6 killer bees (D:7)
  4 orc priests
  A centaur zombie (D:6)
  3 centaur skeletons
  6 hounds
  3 jellies
  9 orc wizards
  Crazy Yiuf (D:4)
  5 crimson imps
  3 giant frog skeletons
  2 iguanas
  7 worker ants
  A gnoll shaman (D:7)
  2 hound zombies
  Robin (D:3)
  12 adders
  6 gnolls (D:7)
  2 river rats (D:8)
  3 shadow imps
  6 oozes
  An adder skeleton (D:6)
  An adder zombie (D:6)
  5 worms
  5 giant geckos
  29 orcs
  26 bats
  18 goblins
  8 hobgoblins
  5 jackals
  5 giant cockroaches
  A giant cockroach zombie (D:5)
  A giant gecko zombie (D:5)
  5 giant newts
  9 kobolds
  8 quokkas
  2 quokka zombies
  24 rats
258 creatures vanquished.

Vanquished Creatures (collateral kills)
  Sigmund (D:3)
  A hippogriff (D:7)
2 creatures vanquished.

Vanquished Creatures (others)
  A slave (D:7)
  An orc priest (D:7)
  An orc (D:7)
  2 fungi (D:8)
5 creatures vanquished.

Grand Total: 265 creatures vanquished

Notes
Turn   | Place    | Note
--------------------------------------------------------------
     0 | D:1      | Alarkh the Mummy Necromancer began the quest for the Orb.
     0 | D:1      | Reached XP level 1. HP: 13/13 MP: 3/3
    46 | D:1      | Reached XP level 2. HP: 10/19 MP: 0/5
   589 | D:1      | Reached XP level 3. HP: 24/24 MP: 1/7
   594 | D:1      | Learned a level 3 spell: Vampiric Draining
  1430 | D:2      | Reached XP level 4. HP: 21/30 MP: 1/8
  1578 | D:2      | Found an opulent altar of Gozag.
  1639 | D:2      | Became a worshipper of Gozag Ym Sagoz the Greedy
  1694 | D:2      | Reached skill level 5 in Necromancy
  1913 | D:3      | Noticed Sigmund
  2329 | D:4      | Reached XP level 5. HP: 31/35 MP: 8/10
  2436 | D:4      | Learned a level 4 spell: Control Undead
  2445 | D:4      | Found a blossoming altar of Fedhas.
  2593 | D:4      | Reached XP level 6. HP: 41/41 MP: 6/12
  2697 | D:4      | Reached skill level 6 in Necromancy
  2778 | D:4      | Noticed Crazy Yiuf
  2783 | D:4      | Killed Crazy Yiuf
  3720 | D:5      | Entered Level 5 of the Dungeon
  3743 | D:5      | Reached skill level 5 in Spellcasting
  3743 | D:5      | Reached XP level 7. HP: 8/46 MP: 7/14
  4716 | D:5      | Reached skill level 7 in Necromancy
  5251 | D:5      | Found a sacrificial altar of Ru.
  5352 | D:5      | Reached skill level 1 in Axes
  5658 | D:6      | Noticed Pikel
  5682 | D:5      | Killed Pikel
  5682 | D:5      | Reached skill level 8 in Necromancy
  5682 | D:5      | Reached XP level 8. HP: 37/52 MP: 4/17
  5697 | D:6      | Found a staircase to the Ecumenical Temple.
  5721 | Temple   | Entered the Ecumenical Temple
  6150 | D:6      | Identified a -3 rod of shadows (9/9) (You found it on level 6 of the Dungeon)
  6690 | D:3      | Noticed Robin
  6730 | D:3      | Killed Robin
  7062 | D:3      | Killed Sigmund
  7326 | D:7      | Reached skill level 5 in Axes
  7441 | D:7      | Reached XP level 9. HP: 46/57 MP: 18/18
  7657 | D:7      | Found Xioba's Food Emporium.
  7670 | D:7      | Bought a book of Air for 385 gold pieces
  7673 | D:7      | Learned a level 2 spell: Repel Missiles
  8269 | D:7      | Got a steaming hand axe
  8270 | D:7      | Identified the +7 hand axe of Blind Justice {vamp, Int+2} (You found it on level 7 of the Dungeon)
  8629 | D:8      | Found a staircase to the Lair.
  8637 | D:8      | Reached XP level 10. HP: 25/63 MP: 9/19
  8720 | D:8      | Reached skill level 9 in Axes
  8786 | D:8      | Noticed Psyche
  8794 | D:8      | Paralysed by Psyche for 4 turns
  8800 | D:8      | Killed Psyche
  9294 | D:8      | Bought a smoking robe for 176 gold pieces
  9304 | D:8      | Identified the +1 robe of Shadows and Fog {Int+3} (You bought it in a shop on level 8 of the Dungeon)
  9350 | D:9      | HP: 2/63 [acid (5)]
  9350 | D:9      | Slain by a jelly

Action                   |  1- 3 |  4- 6 |  7- 9 | 10-12 || total
-------------------------+-------+-------+-------+-------++-------
Melee: Unarmed           |     6 |       |       |       ||     6
       Whip              |    14 |    69 |   176 |       ||   259
       Hand axe          |       |       |   475 |    97 ||   572
Throw: Stone             |     2 |       |       |       ||     2
 Cast: Pain              |    60 |    92 |    39 |       ||   191
       Vampiric Draining |       |     4 |    27 |     6 ||    37
       Repel Missiles    |       |       |     1 |       ||     1
Invok: Call Merchant     |       |       |     1 |     1 ||     2
       Potion Petition   |       |       |     1 |       ||     1
Evoke: Rod               |       |       |     2 |       ||     2
  Use: Scroll            |       |     3 |     6 |     2 ||    11
 Stab: Sleeping          |     2 |     2 |     8 |     1 ||    13
       Distracted        |       |       |     2 |     2 ||     4
